 Dungeon Crawl Stone Soup version 0.23.0-3-gf3c87f2df8 (webtiles) character file.

Game seed: 18197788980201965226

542 tuffo the Archer (level 7, -2/57 HPs)
             Began as a Centaur Hunter on Feb 20, 2019.
             Was a Follower of Dithmenos.
             Shot with an arrow by a centaur (6 damage)
             ... on level 5 of the Dungeon.
             The game lasted 00:43:44 (5109 turns).

tuffo the Archer (Centaur Hunter)                   Turns: 5109, Time: 00:43:44

Health: -2/57      AC:  7    Str: 15      XL:     7   Next: 6%
Magic:  7/7        EV: 10    Int: 14      God:    Dithmenos [*.....]
Gold:   260        SH:  0    Dex:  8 (11) Spells: 6/6 levels left

rFire    . . .     SeeInvis .   K - +3 quarterstaff (chaos)
rCold    . . .     Gourm    .   (shield currently unavailable)
rNeg     . . .     Faith    .   (no armour)
rPois    .         Spirit   .   D - +0 helmet
rElec    .         Reflect  .   L - +2 cloak {MR+}
rCorr    .         Harm     .   (no gloves)
MR       ++...                  (no barding)
Stlth    +.........             (no amulet)
HPRegen  0.19/turn              E - +4 ring of intelligence
MPRegen  0.10/turn              I - ring of protection from magic

@: berserk cooldown, slowed, wreathed by umbra
A: large, hooves 3, deformed body, speed 2, tough skin 3
a: Renounce Religion


You were on level 5 of the Dungeon.
You worshipped Dithmenos.
Dithmenos was aware of your devotion.
You were not hungry.

You visited 1 branch of the dungeon, and saw 5 of its levels.

You collected 260 gold pieces.

Inventory:

Hand Weapons
 a - a +1 shortbow
 b - a +0 short sword
 h - a +0 dagger
 l - a +0 dagger
 n - a +1 short sword of protection
 o - a +1 dagger of venom
 A - a +0 blowgun
 K - a +3 quarterstaff of chaos (weapon)
 M - a +0 mace
Missiles
 d - 4 arrows
 i - 9 bolts
 m - 9 tomahawks
 B - 17 poisoned needles (quivered)
Armour
 c - a +0 leather armour
 g - a +0 robe
 w - a +1 chain mail of poison resistance
 y - a +1 scale mail of magic resistance
 D - a +0 helmet (worn)
 L - a +2 cloak of magic resistance (worn)
 N - a +2 cloak
 O - a +0 cloak
Jewellery
 E - a +4 ring of intelligence (left hand)
 I - a ring of protection from magic (right hand)
Wands
 C - a wand of polymorph (14)
Scrolls
 j - 6 scrolls of identify
 k - a scroll of enchant armour {unknown}
 q - 3 scrolls of remove curse {unknown}
 t - 2 scrolls of amnesia
 u - a scroll of enchant weapon {unknown}
 x - a scroll of fog {unknown}
 G - a scroll of blinking {unknown}
 H - 2 scrolls of teleportation {unknown}
Potions
 e - 2 potions of haste
 p - a potion of flight {unknown}
 r - 6 potions of curing {unknown}
 s - 3 potions of degeneration {unknown}
 v - a potion of agility {unknown}
 z - a potion of berserk rage
 F - a potion of might {unknown}
 J - a potion of cancellation {unknown}
Comestibles
 f - 3 rations


   Skills:
 + Level 3.3 Fighting
 + Level 0.4 Short Blades
 + Level 1.2 Staves
 + Level 9.0 Bows
 + Level 2.5 Throwing
 + Level 0.9 Armour
 + Level 1.7 Dodging
 + Level 0.9 Stealth


You had 6 spell levels left.
You didn't know any spells.
Your spell library was empty.

Dungeon Overview and Level Annotations

Branches:
Dungeon (5/15)
 Temple: D:4-7

Altars:
Cheibriados
Dithmenos
Ru
Xom
Zin


Innate Abilities, Weirdness & Mutations

You have hooves in place of feet.
Armour fits poorly on your strangely shaped body.
You cover ground very quickly.
You have extremely tough skin. (AC +3)


Message History

* * * LOW HITPOINT WARNING * * *
You are too berserk!
You feel a strong urge to attack something.
Found a stone staircase leading up.
You feel your anger nearly subside.
You are no longer berserk.
You are exhausted.
You feel yourself slow down.
There is a stone staircase leading up here.
You can't go down here!
You can't go down here!
You climb upwards.
There is a stone staircase leading down here.
You can't go up here!
You climb downwards.
There is a stone staircase leading up here.
The centaur shoots an arrow.
The arrow hits you.
* * * LOW HITPOINT WARNING * * *
The centaur shoots an arrow.
The arrow hits you.
You die...

..........# ##... ..........#
..... ..........## ......
.........#.#######......
..#####.#.###.(Y.....%[.
#.######..# #.##.###... ..##
#.........# #(##c# #Y. ....
########.## #.##.###c# ##'## #.#
#.##@..#.# ##...## ### #.#
#.####.#.# ##.....## ##.###.# #c#
##.#Y# ##.......#
###...##.####Y###.=.(###.........
.............((...c.(..'.........
###...##.########..(####.........
##.###.# ##.## ##.......# ### #.#
##.## ##.....## ###.# #.#.#
##...##


You could see an ice beast and a centaur.

Vanquished Creatures
  An ogre (D:4)
  A scorpion (D:5)
  A quasit (D:5)
  4 orc wizards
  Crazy Yiuf (D:4)
  2 worker ants
  A hound skeleton (D:3)
  4 gnolls (D:4)
  2 adders
  A shadow imp (D:5)
  A worm (D:3)
  9 dart slugs
  3 leopard geckos
  12 orcs
  5 giant cockroaches
  4 goblins
  4 hobgoblins
  4 jackals
  8 kobolds
  A quokka (D:2)
  A ball python (D:1)
  14 bats
  4 frilled lizards
  10 rats
98 creatures vanquished.

Notes
Turn   | Place    | Note
-------+----------+-------------------------------------------
     0 | D:1      | tuffo the Centaur Hunter began the quest for the Orb.
     0 | D:1      | Reached XP level 1. HP: 17/17 MP: 1/1
   201 | D:1      | Reached XP level 2. HP: 14/24 MP: 2/2
   285 | D:1      | Reached skill level 6 in Bows
  1036 | D:2      | Reached XP level 3. HP: 29/29 MP: 3/3
  1908 | D:3      | Reached skill level 7 in Bows
  1943 | D:3      | Reached XP level 4. HP: 25/37 MP: 4/4
  2226 | D:3      | Found a shadowy altar of Dithmenos.
  2234 | D:3      | Became a worshipper of Dithmenos the Shadowed
  2821 | D:4      | Found a snail-covered altar of Cheibriados.
  2931 | D:4      | Reached skill level 8 in Bows
  2931 | D:4      | Reached XP level 5. HP: 30/42 MP: 5/5
  3129 | D:4      | Found a runed translucent door.
  3130 | D:4      | Noticed Crazy Yiuf
  3218 | D:4      | Killed Crazy Yiuf
  3985 | D:4      | Reached skill level 1 in Throwing
  4138 | D:4      | Found a sacrificial altar of Ru.
  4150 | D:4      | Reached * piety under Dithmenos
  4150 | D:4      | Reached XP level 6. HP: 45/51 MP: 6/6
  4550 | D:4      | Found a glowing silver altar of Zin.
  4550 | D:4      | Found a shimmering altar of Xom.
  4550 | D:4      | Noticed an angel
  4693 | D:5      | Entered Level 5 of the Dungeon
  4756 | D:5      | Reached skill level 9 in Bows
  4869 | D:5      | Reached skill level 1 in Staves
  5006 | D:5      | Reached XP level 7. HP: 31/57 MP: 7/7
  5109 | D:5      | Shot with an arrow by a centaur

Skill      XL: |  1  2  3  4  5  6 |
---------------+-------------------+-----
Bows           | 6 7 8 9 |  9.0
Throwing       | 1 2 |  2.5
Fighting       | 3 |  3.3
Staves         | 1 |  1.2
Short Blades   | |  0.4
Armour         | |  0.9
Dodging        | |  1.7
Stealth        | |  0.9

Action                   |  1- 3 |  4- 6 |  7- 9 || total
-------------------------+-------+-------+-------++-------
Melee: Short sword       |       |    16 |       ||    16
       Kick              |       |     8 |       ||     8
       Quarterstaff      |       |    51 |     1 ||    52
 Fire: Shortbow          |   147 |   128 |       ||   275
       Blowgun           |       |    15 |       ||    15
Throw: Tomahawk          |       |    16 |       ||    16
  Use: Scroll            |       |     3 |     1 ||     4
       Potion            |       |     1 |     1 ||     2
 Stab: Paralysed         |       |     3 |       ||     3
  Eat: Ration            |       |     3 |       ||     3
Armor: Leather armour    |    34 |       |       ||    34
       Chain mail        |    17 |    60 |       ||    77
       Skin              |       |    42 |       ||    42
Dodge: Dodged            |    41 |    75 |     5 ||   121
